 Dungeon Crawl Stone Soup version 0.29.1-2-gbd0b4ee654 (webtiles) character file.

Game seed: 16976117241869219470

16179 Icepheonix32 the Necromancer (level 12, -6/61 HPs)
             Began as a Deep Elf Necromancer on Oct 31, 2022.
             Was an Elder of Sif Muna.
             Mangled by an efreet
             ... wielding a +3 scimitar of flaming
              (18 damage)
             ... in a Gauntlet.
             The game lasted 00:40:51 (13010 turns).

Icepheonix32 the Necromancer (DENe)                Turns: 13010, Time: 00:40:52

Health: -6/61      AC:  7    Str:  2    XL:     12   Next: 7%
Magic:  30/37      EV: 19    Int: 30    God:    Sif Muna [****..]
Gold:   202        SH:  0    Dex: 17    Spells: 14/31 levels left

rFire   + . .      SeeInvis .   o - staff of death
rCold   + . .      Faith    .   (no shield)
rNeg    + + .      Spirit   .   a - +1 robe
rPois   +          Reflect  .   (no helmet)
rElec   +          Harm     +   w - scarf {harm}
rCorr   +          Rampage  .   e - +2 pair of gloves
Will    +....      NoTele   +   L - +0 pair of boots
Stlth   ++++......              G - amulet "Fuprac" {Regen+ Str-5 Int+8 Slay+2 Stlth+}
HPRegen 1.00/turn               t - ring of magical power
MPRegen 0.25/turn               S - ring of positive energy

@: resistant, animating dead, hasted (expiring), very quick
A: sturdy frame 1
a: Renounce Religion, Channel Magic, Forget Spell, Divine Exegesis


You were in a Gauntlet.
You worshipped Sif Muna.
Sif Muna was greatly pleased with you.
You visited 2 branches of the dungeon, and saw 12 of its levels.
You also visited: Bailey and Gauntlet.

You collected 726 gold pieces.
You spent 524 gold pieces at shops.

Inventory:

Hand Weapons
 f - a +0 mace of protection
 j - a +0 dagger
 k - a +0 short sword
 B - the +5 falchion of the Beloved God {vorpal, rCorr}
   (You found it on level 6 of the Dungeon)

   It inflicts extra damage upon your enemies.
   rCorr:     It protects you from acid and corrosion.
 N - a +0 flail of holy wrath
Missiles
 u - 8 boomerangs
 O - 5 throwing nets
Armour
 a - a +1 robe (worn)
 e - a +2 pair of gloves (worn)
 p - a +0 cloak
 w - a scarf of harm (worn)
 F - a +2 helmet
 I - a +0 troll leather armour
 L - a +0 pair of boots (worn)
 M - +0 swamp dragon scales
Magical Staves
 o - a staff of death (weapon)
 A - a staff of fire
Jewellery
 c - an amulet of regeneration
 t - a ring of magical power (left hand)
 z - a ring of ice
 C - a ring of ice
 G - the amulet "Fuprac" (around neck) {Regen+ Str-5 Int+8 Slay+2 Stlth+}
   (You found it on level 8 of the Dungeon)

   [amulet of regeneration]

   Str:       It affects your strength (-5).
   Int:       It affects your intelligence (+8).
   Slay:      It affects your accuracy & damage with ranged weapons and melee
   (+2).
   Regen:     It increases your rate of health regeneration.
   Stlth:     It makes you more stealthy.
 J - the dreamshard necklace {*Dream Drain}
   (You found it in a Gauntlet)

   [amulet of nothing]

   It shatters if its wearer takes lethal or near-lethal damage, preventing the
   blow and releasing protective dreams that heal and fight for the wearer.
   Drain:     It drains your maximum health when unequipped.
 S - a ring of positive energy (right hand)
Wands
 d - a wand of roots (2)
 h - a wand of flame (40)
 n - a wand of paralysis (14)
 x - a wand of acid (21)
 D - a wand of mindburst (21)
Scrolls
 g - 2 scrolls of vulnerability
 i - 5 scrolls of teleportation
 l - a scroll of poison
 m - 3 scrolls of fog
 s - 3 scrolls of amnesia
 y - a scroll of enchant armour
 E - 2 scrolls of silence
 P - a scroll of blinking
 Q - a scroll of enchant weapon {unknown}
Potions
 q - 2 potions of resistance
 r - 4 potions of cancellation
 H - a potion of magic
 K - 3 potions of brilliance
Miscellaneous
 U - a piece from Xom's chessboard (14/15)


   Skills:
 + Level 1.2 Fighting
 + Level 8.8 Staves
 + Level 11.2 Dodging
 + Level 3.3 Stealth
 + Level 10.1 Spellcasting
 * Level 15.3 Necromancy
 * Level 3.9 Invocations
 * Level 6.6 Evocations


You had 14 spell levels left.
You knew the following spells:

 Your Spells              Type           Power      Damage    Failure   Level
a - Necrotise             Necr           100%       1d9       0%          1
b - Vampiric Draining     Necr           100%       2d13      1%          3
c - Animate Dead          Necr           100%       N/A       1%          4
d - Agony                 Necr           100%       N/A       1%          5
e - Dispel Undead         Necr           100%       3d31      1%          4

Your spell library contained the following spells:

 Spells                   Type           Power      Damage    Failure   Level
 Borgnjor's Vile Clutch   Necr/Erth      37%        N/A       4%          5
 Static Discharge         Conj/Air       15%        3-5/arc   5%          2
 Animate Armour           Summ/Erth      30%        N/A       34%         4
 Sticky Flame             Conj/Fire      15%        2d4       34%         4
 Alistair's Intoxication  Tmut/Pois      10%        N/A       67%         5
 Blade Hands              Tmut           7%         N/A       67%         5
 Summon Forest            Summ/Tloc      7%         N/A       67%         5
 Eringya's Noxious Bog    Tmut/Pois      7%         N/A       99%         6
 Iron Shot                Conj/Erth      7%         9d2       99%         6
 Summon Hydra             Summ           7%         N/A       100%        7


Dungeon Overview and Level Annotations

Branches:
Dungeon (11/15)            Temple (1/1) D:5            Lair (0/5) D:10
    Orc (0/2) D:11         Bailey (visited)         Gauntlet (1/1)

Altars:
Ashenzari
Cheibriados
Dithmenos
Elyvilon
Fedhas
Gozag
Hepliaklqana
Kikubaaqudgha
Makhleb
Nemelex Xobeh
Okawaru
Qazlal
Ru
Sif Muna
Trog
Uskayaw
Vehumet
Wu Jian
Xom
Yredelemnul
Zin
The Shining One

Shops:
D:2 *   D:6 [=:*(

Annotations:
D:5 1 runed translucent door
D:8 2 transporters, miserystealer's ghost, novice DsTm Gauntlet 13 transporters


Innate Abilities, Weirdness & Mutations

Your movements are slightly less encumbered by armour. (ER -2)


Message History

The fireball engulfs the efreet.
The efreet completely resists.
As you read the scroll of summoning, it crumbles to dust.
Wisps of shadow whirl around you...
You flicker back into view.
The efreet hits you but does no damage.
You hit the efreet but do no damage.
Unknown command.
You hit the efreet but do no damage.
The fire elemental completely misses you.
The efreet gestures at you. The bolt of fire misses you.
The bolt of fire misses the fire elemental.
Your raiju bursts into living lightning!
The living lightning hits the efreet!
The living lightning hits your raiju.
Your raiju completely resists.
The living lightning hits your raiju.
Your raiju completely resists.
Your raiju blinks! x3
Your ice devil hits the efreet but does no damage.
You hit the efreet but do no damage.
The efreet is lightly wounded.
The fire elemental misses you.
Unknown command.
You hit the efreet but do no damage.
The efreet is lightly wounded.
Your extra speed is starting to run out.
The efreet closely misses you.
Your ice devil barely misses the efreet.
Your raiju bursts into living lightning!
The living lightning hits the efreet!
The living lightning hits your raiju.
Your raiju completely resists.
The living lightning hits your raiju.
Your raiju completely resists.
Your raiju blinks! x3
You hit the efreet but do no damage.
The efreet is heavily wounded.
The fire elemental barely misses you.
Unknown command.
You hit the efreet.
The efreet is severely wounded.
The efreet hits you with a +3 scimitar of flaming!
You die...

#8#........#.###########§§
#####........#.#...........≈
###§.....#######.#######....≈8
#8#......#©...........©#.....≈
###..#######################..
#..#..°?©/=☼°#≈#..[$©.?..#..
###..#○#..h.h#°#§##.##.#####..
#8#..#°##.°.##E#§##.##^##.##..
###..#..#####@.#§#t^......t#..
#..#....©hRhh#8#.#^.^#.###..
###..#..##.##4h#§#.##©##.###..
#8#..#E##.○☼##.#§##.#.....##..
###..#.#.○.☼☼#.#≈###.##.##.#..
#..#....○°○..#≈###.##.##.#..
###..#######################..
#8#......#©...........©#.....≈
###≈.....#######.#######....§8


You could see an apocalypse crab, an efreet (ally target), a fire elemental, a
friendly ice devil (summoned) and 4 friendly raiju.

Vanquished Creatures
  Harold (D:9)
  A vault guard (Bailey)
  A two-headed ogre (D:10)
  An ugly thing (D:9)
  A cyclops (D:11)
  Maurice (D:8)
  Maggie (D:9)
  4 trolls
  Grinder (D:4)
  A hornet (D:7)
  5 flying skulls (Gauntlet)
  4 yaks (D:10)
  2 wyverns
  6 humans (Bailey)
  A basilisk (D:10)
  2 steam dragons
  3 vampire mosquitoes (D:11)
  Menkaure (D:5)
  3 water moccasins
  3 hell hounds (Gauntlet)
  3 orc warriors
  A sky beast (D:7)
  4 black bears
  3 ogres
  5 centaurs
  A phantom (D:4)
  3 kobold brigands
  2 necrophages
  3 gnoll sergeants
  11 bullfrogs
  6 scorpions
  7 wights
  2 killer bees (D:9)
  2 howler monkeys
  A hound (D:5)
  5 orc priests
  A jelly (D:4)
  Jessica (D:2)
  Ijyb (D:3)
  4 iguanas
  9 orc wizards
  3 adders
  10 gnolls
  A shadow imp (D:7)
  A white imp (D:6)
  3 ufetubi
  A worm (D:3)
  5 dart slugs
  28 orcs
  6 endoplasms
  5 giant cockroaches
  6 goblins
  6 hobgoblins
  A jackal (D:3)
  5 quokkas
  8 ball pythons
  6 bats
  3 frilled lizards
  A goblin skeleton (D:5)
  20 kobolds
  A kobold skeleton (D:5)
  3 rats (D:3)
241 creatures vanquished.

Vanquished Creatures (collateral kills)
  A vault guard (Bailey)
  A two-headed ogre (D:10)
  Prince Ribbit (Bailey)
  A wyvern (D:10)
  2 fire elementals (Gauntlet)
  A water moccasin (D:10)
  2 bullfrogs (Bailey)
  A wight (D:9)
  A killer bee (D:9)
  An orc priest (D:9)
  An orc wizard (D:7)
  2 gnolls
  5 orcs
  A bat (D:1)
  An endoplasm (D:1)
  A giant cockroach (D:2)
  6 kobolds
  A ball python (D:2)
  A kobold skeleton (D:5)
31 creatures vanquished.

Vanquished Creatures (others)
  A human zombie (Bailey)
  A hell hound zombie (Gauntlet)
  2 wyvern zombies (D:10)
  3 yak zombies (D:10)
  A centaur zombie (D:9)
  7 bullfrog zombies
  3 gnoll zombies
  A goblin zombie (Bailey)
  7 kobold zombies (D:8)
  8 orc zombies
  25 demonic plants (Gauntlet)
  6 fungi (D:10)
  18 plants
83 creatures vanquished.

Grand Total: 355 creatures vanquished

Notes
Turn   | Place    | Note
-------+----------+-------------------------------------------
     0 | D:1      | Icepheonix32 the Deep Elf Necromancer began the quest for
                  | the Orb.
     0 | D:1      | Reached XP level 1. HP: 10/10 MP: 6/6
    67 | D:1      | Reached skill level 5 in Necromancy
   290 | D:1      | Reached XP level 2. HP: 15/15 MP: 0/8
   671 | D:1      | Reached skill level 6 in Necromancy
   793 | D:2      | Reached XP level 3. HP: 16/19 MP: 4/9
   840 | D:2      | Found Ypruf's Assorted Antiques.
  1416 | D:2      | Noticed Jessica
  1423 | D:2      | Killed Jessica
  1424 | D:2      | Reached XP level 4. HP: 17/24 MP: 3/10
  1647 | D:3      | Reached skill level 7 in Necromancy
  1676 | D:3      | Noticed Ijyb
  1681 | D:3      | Killed Ijyb
  1833 | D:3      | Noticed an ogre
  1840 | D:3      | Killed an ogre
  1841 | D:3      | Reached skill level 8 in Necromancy
  1841 | D:3      | Reached XP level 5. HP: 21/28 MP: 4/11
  2132 | D:3      | Found a faded altar of an unknown god.
  2941 | D:3      | Gained mutation: You occasionally lose the ability to read
                  | scrolls when taking damage. [potion of mutation]
  3018 | D:4      | Learned a level 3 spell: Vampiric Draining
  3023 | D:4      | Learned a level 4 spell: Animate Dead
  3071 | D:4      | Noticed Grinder
  3073 | D:4      | Paralysed by Grinder for 5 turns
  3084 | D:4      | Paralysed by Grinder for 3 turns
  3090 | D:4      | Killed Grinder
  3091 | D:4      | Reached skill level 9 in Necromancy
  3091 | D:4      | Reached skill level 1 in Evocations
  3091 | D:4      | Reached XP level 6. HP: 26/32 MP: 12/12
  3300 | D:4      | Reached XP level 7. HP: 36/36 MP: 2/13
  3384 | D:4      | Reached skill level 10 in Necromancy
  3957 | D:4      | Reached skill level 11 in Necromancy
  4004 | D:4      | Lost mutation: You occasionally lose the ability to read
                  | scrolls when taking damage. [potion of mutation]
  4004 | D:4      | Gained mutation: You are dopey. (Int -2) [potion of
                  | mutation]
  4004 | D:4      | Gained mutation: You have a pair of small horns on your
                  | head. [potion of mutation]
  4157 | D:5      | Entered Level 5 of the Dungeon
  4163 | D:5      | Reached XP level 8. HP: 27/41 MP: 9/16
  4184 | D:5      | Found a runed translucent door.
  4190 | D:5      | Found a basalt altar of Yredelemnul.
  4289 | D:5      | Reached skill level 1 in Staves
  4343 | D:5      | Found a staircase to the Ecumenical Temple.
  4356 | Temple   | Entered the Ecumenical Temple
  4536 | Temple   | Became a worshipper of Sif Muna the Loreminder
  4643 | D:5      | Noticed Menkaure
  4655 | D:5      | Reached skill level 10 in Dodging
  4655 | D:5      | Reached XP level 9. HP: 44/44 MP: 17/17
  4658 | D:5      | Killed Menkaure
  5063 | D:6      | Found Viwous's Weapon Emporium.
  5065 | D:6      | Found Wigruj's Assorted Antiques.
  5112 | D:6      | Bought an iron ring for 160 gold pieces
  5168 | D:6      | Found Deonuwnuadd's Book Shop.
  5598 | D:6      | Reached skill level 5 in Spellcasting
  5608 | D:6      | Identified the +5 falchion of the Beloved God {vorpal,
                  | rCorr}
  5751 | D:6      | Found Vonury's Antique Armour Shop.
  5914 | D:6      | Found Utuenly's Jewellery Boutique.
  6175 | D:7      | Learned a level 5 spell: Agony
  6380 | D:7      | Reached skill level 12 in Necromancy
  7075 | D:8      | Reached * piety under Sif Muna
  7189 | D:8      | Reached XP level 10. HP: 51/51 MP: 15/20
  7269 | D:8      | Found a transporter.
  7272 | D:8      | Noticed a tengu warrior
  7273 | D:8      | Noticed miserystealer's ghost (novice DsTm)
  7317 | D:8      | Identified the amulet "Fuprac" {Regen+ Str-5 Int+8 Slay+2
                  | Stlth+}
  7337 | D:8      | Found a transporter.
  7439 | D:8      | Reached skill level 1 in Fighting
  7489 | D:8      | Found a flagged portal.
  7500 | Bailey   | Entered a bailey
  7760 | Bailey   | Reached ** piety under Sif Muna
  7835 | Bailey   | Noticed a vault guard
  7835 | Bailey   | Noticed Prince Ribbit
  7850 | Bailey   | Killed a vault guard
  7851 | Bailey   | Reached skill level 13 in Necromancy
  7852 | Bailey   | Killed Prince Ribbit
  7892 | Bailey   | Noticed a vault guard
  7901 | Bailey   | Killed a vault guard
  7983 | Bailey   | Your ally Prince Ribbit died
  8279 | D:8      | Noticed Maurice
  8291 | D:8      | Killed Maurice
  8517 | D:8      | Found a broken altar of Ashenzari.
  8867 | D:9      | Noticed Maggie
  8876 | D:9      | Killed Maggie
  8877 | D:9      | Reached XP level 11. HP: 54/56 MP: 9/25
  9014 | D:9      | Reached skill level 1 in Invocations
  9030 | D:9      | Reached skill level 5 in Evocations
  9188 | D:9      | Noticed a brown ugly thing
  9205 | D:9      | Killed a brown ugly thing
  9433 | D:9      | Found a hazy altar of Hepliaklqana.
  9442 | D:9      | Found a sacrificial altar of Ru.
  9449 | D:9      | Found an ancient bone altar of Kikubaaqudgha.
  9512 | D:9      | Noticed Harold
  9526 | D:9      | Killed Harold
  9527 | D:9      | Reached skill level 14 in Necromancy
  9701 | D:9      | Reached *** piety under Sif Muna
  9708 | D:9      | Found an iron altar of Okawaru.
 10015 | D:9      | Noticed a fire dragon
 10018 | D:9      | Found the +7 mace of Variability {chain chaos}
 10134 | D:10     | Entered Level 10 of the Dungeon
 10258 | D:6      | Bought a book of Touch for 364 gold pieces
 10263 | D:6      | Learned a level 4 spell: Dispel Undead
 10881 | D:10     | HP: 1/53 [wyvern (14)]
 11369 | D:10     | Noticed a two-headed ogre
 11384 | D:10     | Found a staircase to the Lair.
 11397 | D:10     | Killed a two-headed ogre
 11633 | D:10     | Reached skill level 15 in Necromancy
 11972 | D:10     | Noticed a two-headed ogre
 12009 | D:10     | Killed a two-headed ogre
 12317 | D:11     | Reached **** piety under Sif Muna
 12423 | D:11     | Found a gate leading to a gauntlet.
 12439 | Gauntlet | Entered a Gauntlet
 12439 | Gauntlet | Found a transporter.
 12439 | Gauntlet | Found a transporter.
 12443 | Gauntlet | Found a transporter.
 12443 | Gauntlet | Found a transporter.
 12452 | Gauntlet | Found a transporter.
 12458 | Gauntlet | Noticed a wizard
 12458 | Gauntlet | Noticed a wizard
 12463 | Gauntlet | Found a transporter.
 12472 | Gauntlet | Noticed a hell hog
 12473 | Gauntlet | Found a transporter.
 12473 | Gauntlet | Found a transporter.
 12497 | Gauntlet | Found a transporter.
 12504 | Gauntlet | Found a transporter.
 12516 | Gauntlet | Found a transporter.
 12534 | Gauntlet | Found a transporter.
 12534 | Gauntlet | Found the dreamshard necklace {*Dream Drain}
 12568 | Gauntlet | Found a transporter.
 12590 | Gauntlet | Found a transporter.
 12684 | Gauntlet | Found a transporter.
 12688 | Gauntlet | Noticed a ghost crab
 12700 | Gauntlet | Found a transporter.
 12902 | Gauntlet | Reached XP level 12. HP: 61/61 MP: 20/27
 12966 | Gauntlet | Lost mutation: You are dopey. (Int -2) [potion of mutation]
 12966 | Gauntlet | Lost mutation: You have a pair of small horns on your head.
                  | [potion of mutation]
 12966 | Gauntlet | Gained mutation: Your movements are slightly less
                  | encumbered by armour. (ER -2) [potion of mutation]
 12986 | Gauntlet | Reached skill level 10 in Spellcasting
 13010 | Gauntlet | Mangled by an efreet

Illustrated notes

Levels and vault maps discovered:
D:1:      moated_graveyard_arrival, layout_rooms, dreamdust_princess_bridge
D:2:      layout_basic, serial_shops, shop, uniq_jessica
D:3:      minmay_octagon_keep, layout_loops_corners,
          ebering_ecumenical_altar_webs, uniq_ijyb
D:4:      layout_loops_cross, minmay_misc_feat_ornament, uniq_grinder
D:5:      layout_loops_ring, dk_yredelemnul_ordeal, temple_statues,
          uniq_menkaure
D:6:      layout_loops_corners, serial_shops, nicolae_shop_hallway_stairs,
          nicolae_stop_n_shop_2, nicolae_diamond_shop, nicolae_diamond_shop,
          shop, nicolae_benzene_ring
D:7:      layout_gridville, chequers_arboretum, nicolae_titane
D:8:      layout_gridville, amcnicky_altar_gilded, enter_bailey_2,
          gammafunk_ghost_arena, uniq_maurice
D:9:      dragon1_lemuel, layout_loops_cross, okawaru_trees_2,
          grunt_temple_overflow_diamond, uniq_harold, uniq_maggie
D:10:     layout_cave_pods, minmay_lair_entry_grove
D:11:     layout_big_octagon, orc_0_dummy, gauntlet_entry_generic, minivault_11,
          tso_oasis_becter
Temple:   nicolae_temple_elliptical
Gauntlet: gammafunk_gauntlet_branching [gammafunk_gauntlet_arena_corners,
          gammafunk_gauntlet_arena_split_diamond,
          gammafunk_gauntlet_arena_split_x, gammafunk_gauntlet_arena_crates,
          nicolae_gauntlet_arena_flowing_pool, gammafunk_gauntlet_arena_grid,
          gammafunk_gauntlet_arena_teeth, gammafunk_gauntlet_arena_hedges,
          nicolae_gauntlet_exit_dead_adventurers]

Skill      XL: |  1  2  3  4  5  6  7  8  9 10 11 12 |
---------------+-------------------------------------+-----
Necromancy     | 5 6 8 9 11 12 13 15 | 15.3
Evocations     | 1 2 3 4 6 |  6.6
Spellcasting   | 4 5 8 9 10 | 10.1
Staves         | 8 |  8.8
Dodging        | 10 11 | 11.2
Fighting       | 1 |  1.2
Invocations    | 3 |  3.9
Stealth        | 3 |  3.3

Action                   |  1- 3 |  4- 6 |  7- 9 | 10-12 || total
-------------------------+-------+-------+-------+-------++-------
Melee: Unarmed           |     1 |       |       |       ||     1
       Dagger            |       |    11 |       |       ||    11
       Staff             |       |    35 |   162 |   176 ||   373
       Punch             |       |       |     3 |     3 ||     6
       Headbutt          |       |       |    18 |    32 ||    50
 Cast: Necrotise         |    58 |    67 |   138 |   195 ||   458
       Vampiric Draining |       |     5 |       |    57 ||    62
       Animate Dead      |       |       |     3 |    12 ||    15
       Agony             |       |       |     3 |     3 ||     6
       Dispel Undead     |       |       |       |    12 ||    12
Evoke: Wand              |       |     5 |       |     7 ||    12
       Piece from Xom's  |       |       |       |     1 ||     1
  Use: Scroll            |     5 |     3 |     2 |     6 ||    16
       Potion            |     2 |     3 |     3 |    10 ||    18
 Stab: Distracted        |       |     2 |       |     1 ||     3
       Sleeping          |       |     3 |       |     2 ||     5
       Invisible         |       |       |       |     2 ||     2
Armor: Robe              |     4 |    22 |    54 |    56 ||   136
Dodge: Dodged            |    18 |    66 |   175 |   331 ||   590
